 Dungeon Crawl Stone Soup version 0.16-a0-4086-gceb3487 (webtiles) character file.

70 plathrop the Conjurer (level 4, -10/24 HPs)
             Began as a Deep Elf Conjurer on Feb 23, 2015.
             Mangled by an ice beast (12 damage)
             ... on level 3 of the Dungeon.
             The game lasted 00:05:00 (1391 turns).

plathrop the Conjurer (Deep Elf Conjurer)           Turns: 1391, Time: 00:05:01

Health: -10/24     AC:  3    Str:  6    XL:     4   Next: 3%
Magic:  7/15       EV: 12    Int: 20    God:
Gold:   142        SH:  0    Dex: 20    Spells: 2 memorised, 8 levels left

rFire  . . .     SeeInvis +     a - +1 short sword
rCold  . . .     Clarity  +     i - +0 leather armour
rNeg   . . .     SustAb   .     (no shield)
rPois  .         Gourm    .     (no helmet)
rElec  .         Spirit   .     (no cloak)
rCorr  .         Warding  .     (no gloves)
rMut   .         Stasis   .     (no boots)
MR     .....                    p - amulet of clarity
Stlth  ++........               e - ring of see invisible
                                f - +5 ring of dexterity

@: not resistant to hostile enchantments, unstealthy
A: no striking features
a: no special abilities


You were on level 3 of the Dungeon.
You were not hungry.

You visited 1 branch of the dungeon, and saw 3 of its levels.

You collected 142 gold pieces.

Inventory:

Hand weapons
 a - a +1 short sword (weapon)
Armour
 i - a +0 leather armour (worn)
Jewellery
 e - a ring of see invisible (right hand)
 f - a +5 ring of dexterity (left hand)
 p - an amulet of clarity (around neck)
Magical devices
 l - a wand of magic darts (26)
Scrolls
 h - a scroll of identify
Potions
 d - a potion of heal wounds
 j - a potion of brilliance
 k - a potion of agility
 o - a potion of curing {unknown}
 r - a potion of ambrosia {unknown}
Books
 c - a book of Conjurations

   Spells                             Type                      Level
   a - Magic Dart                     Conjuration                  1
   b - Searing Ray                    Conjuration                  2
   c - Dazzling Spray                 Conjuration/Hexes            3
   d - Fulminant Prism                Conjuration/Hexes            4
   e - Iskenderun's Mystic Blast      Conjuration                  4
   f - Iskenderun's Battlesphere      Conjuration/Charms           5
Comestibles
 b - 2 bread rations
 g - 3 meat rations


   Skills:
 - Level 2.4 Dodging
 - Level 2.4 Stealth
 + Level 4.3 Spellcasting
 * Level 5.5 Conjurations


You had 8 spell levels left.
You knew the following spells:

 Your Spells              Type           Power        Failure   Level  Hunger
a - Magic Dart            Conj           ####         1%          1    None
b - Searing Ray           Conj           ####..       3%          2    #......


Dungeon Overview and Level Annotations

Branches:
Dungeon (3/15)

Altars:


Message History

The ice beast hits you. The ice beast freezes you!
Casting: Searing Ray
Confirm with . or Enter, or press ? or * to list all spells.
Aiming: Searing Ray
Press: ? - help, Shift-Dir - straight line, f/p - ice beast
Aim: an ice beast (heavily wounded)
The searing ray hits the ice beast.
The ice beast is severely wounded.
The ice beast hits you. The ice beast freezes you.
* * * LOW HITPOINT WARNING * * *
The searing ray hits the ice beast.
The ice beast is almost dead.
The ice beast closely misses you.
The searing ray hits the ice beast.
The ice beast is almost dead.
The ice beast hits you.
* * * LOW HITPOINT WARNING * * *
The ice beast freezes you!
Ouch! That really hurt!
You die...

..... ##...........
##..#####..##.......#
#.....#...#######..##
# #.......### #..##
...#..##.### ###...
...... #..#######
#.(.#.
......###.......#
#<##..
#...#.........##.# #.
#.@......... ..# .
##Y...........##
#......).....
.............
#............#
##.##.... ... #.. .##
..$ ## ..#


You could see an ice beast.

Vanquished Creatures
  Terence (D:2)
  2 adders (D:2)
  2 oozes (D:1)
  5 bats
  3 goblins
  3 hobgoblins (D:2)
  8 kobolds
  A quokka (D:2)
  4 giant geckos
  4 giant newts
  3 rats (D:1)
36 creatures vanquished.

Notes
Turn   | Place    | Note
--------------------------------------------------------------
     0 | D:1      | plathrop, the Deep Elf Conjurer, began the quest for the Orb.
     0 | D:1      | Reached XP level 1. HP: 10/10 MP: 5/5
   319 | D:1      | Reached XP level 2. HP: 15/15 MP: 6/8
   323 | D:1      | Learned a level 2 spell: Searing Ray
   846 | D:2      | Reached skill level 5 in Conjurations
   846 | D:2      | Reached XP level 3. HP: 19/19 MP: 8/11
  1259 | D:2      | Noticed Terence
  1262 | D:2      | Killed Terence
  1304 | D:2      | Learned a level 2 spell: Searing Ray
  1328 | D:3      | Reached XP level 4. HP: 22/24 MP: 12/15
  1383 | D:3      | Noticed an ice beast
  1391 | D:3      | Mangled by an ice beast

Action                   |  1- 3 |  4- 6 || total
-------------------------+-------+-------++-------
Melee: Dagger            |     3 |       ||     3
       Short sword       |     2 |       ||     2
 Cast: Magic Dart        |    57 |     3 ||    60
       Searing Ray       |     1 |     2 ||     3
  Use: Scroll            |    10 |       ||    10
  Eat: Beef jerky        |     1 |       ||     1
